 Dungeon Crawl Stone Soup version 0.27.1-33-g824d729ab1 (webtiles) character file.

Game seed: 14260103855477654972

132 ReploidZero the Magician (level 5, -2/35 HPs)
             Began as a Djinni Fire Elementalist on Dec 10, 2021.
             Slain by an orc (10 damage)
             ... on level 3 of the Dungeon.
             The game lasted 00:09:35 (3962 turns).

ReploidZero the Magician (Djinni Fire Elementalist) Turns: 3962, Time: 00:09:35

Health: -2/35      AC:  2    Str:  7    XL:     5   Next: 38%
Gold:   69         EV: 12    Int: 18    God:
                   SH:  0    Dex: 13

rFire    + + .     SeeInvis .   (no weapon)
rCold    x . .     Faith    .   (no shield)
rNeg     . . .     Spirit   .   a - +0 robe
rPois    ∞         Reflect  .   (no helmet)
rElec    .         Harm     .   (no cloak)
rCorr    .         Rampage  .   (no gloves)
Will     .....                  (boots unavailable)
Stlth    +.........             (no amulet)
HPRegen  0.11/turn              (no ring)
MPRegen  0.00/turn              (no ring)

@: confused, ambrosia-drunk, flying
A: sickness immunity, fire resistance 2, cold vulnerability 1, float, innate
caster, hp casting, extra vitality 1
a: no special abilities


You were on level 3 of the Dungeon.
You visited 1 branch of the dungeon, and saw 3 of its levels.

You collected 69 gold pieces.

Inventory:

Armour
 a - a +0 robe (worn)
Jewellery
 d - a ring of fire
Scrolls
 c - a scroll of fear
 f - a scroll of teleportation {unknown}
Potions
 b - 2 potions of might
 e - a potion of cancellation
 h - a potion of attraction {unknown}


   Skills:
 - Level 2.1 Dodging
 - Level 1.5 Stealth
 + Level 4.4 Spellcasting


You couldn't memorise any spells.
You knew the following spells:

 Your Spells              Type           Power      Damage    Failure   Level
a - Foxfire               Conj/Fire      76%        2x1d7     2%          1
b - Conjure Flame         Conj/Fire      19%        6-21      7%          3
c - Inner Flame           Hex/Fire       19%        N/A       7%          3
d - Sticky Flame          Conj/Fire      19%        2d4       22%         4
e - Fireball              Conj/Fire      9%         3d6       54%         5
f - Freeze                Ice            76%        1d9       2%          1
g - Static Discharge      Conj/Air       19%        N/A       3%          2
Your spell library was empty.

Dungeon Overview and Level Annotations

Branches:
Dungeon (3/15)

Altars:
Okawaru
Wu Jian

Annotations:
D:2 Natasha
D:3 2 transporters, Grinder


Innate Abilities, Weirdness & Mutations

You are immune to sickness and miasma.
You are immune to poison.
Your flesh is very heat resistant. (rF++)
You are vulnerable to cold. (rC-)
You float through the air rather than walking.
You learn spells naturally, not from books.
Your magical power is your life essence.
You have superior vitality. (+4 HP)


Message History

Your foxfire dissipates!
The foxfire hits Grinder but does no damage.
Grinder is lightly wounded.
The foxfire hits Grinder.
Grinder is moderately wounded.
Grinder barely misses you.
Your foxfire dissipates!
The foxfire hits Grinder.
Grinder is heavily wounded.
An orc comes into view. It is wielding a +0 flail.
Casting: Foxfire (safe; 2% risk of failure)
Press: ? - help, Q - select action, (/) - cycle Dir - look around, f - activate You conjure some foxfire!
The orc shouts!
Grinder barely misses you.
Your foxfire dissipates!
The foxfire hits Grinder but does no damage.
Grinder is heavily wounded.
Grinder gestures at you.
You suddenly lose the ability to move!
Grinder hits you.
You writhe in agony.
The orc hits you with a +0 flail! Grinder hits you!
* * * LOW HITPOINT WARNING * * *
You can move again.
Casting: Foxfire (safe; 2% risk of failure)
Confirm with . or Enter, or press ? or * to list all spells.
Grinder is struck by an arc of lightning!
Grinder is severely wounded.
You are struck by an arc of lightning.
* * * LOW HITPOINT WARNING * * *
The lightning grounds out.
* * * LOW HITPOINT WARNING * * *
The orc barely misses you. Grinder misses you.
Unknown command.
Okay, then.
Okay, then.
It was a potion of ambrosia.
You are confused.
You feel invigorated. The orc hits you with a +0 flail!
You die...

#.# # ...# #.# #.
........ ##.## #.# #..
....... #.# #.. ..... #.#
#.# ####.#.# # #.# #.#
##).....# .#
##.#####.####.......## .#
.†.....#......._8o...#..#
.#..............@5...#..#
...###.#.#####..........#
#### #.#.............##.#
#.#.#####.#.###.##.#
#....####..........#
#..#........###.####
##...######## #.# ##.##
#.# #.# #.#


You could see Grinder and an orc.

Vanquished Creatures
  Natasha (twice) (D:2)
  3 adders
  2 dart slugs
  An orc (D:3)
  3 ball pythons (D:3)
  2 bats (D:1)
  8 endoplasms
  A giant cockroach (D:2)
  4 goblins
  6 hobgoblins
  4 quokkas
  2 frilled lizards (D:2)
  2 kobolds (D:2)
  8 rats
48 creatures vanquished.

Vanquished Creatures (others)
  153 foxfires
153 creatures vanquished.

Grand Total: 201 creatures vanquished

Notes
Turn   | Place    | Note
-------+----------+-------------------------------------------
     0 | D:1      | ReploidZero the Djinni Fire Elementalist began the quest
                  | for the Orb.
     0 | D:1      | Reached XP level 1. HP: 15/15 MP: 0/0
   452 | D:1      | Reached XP level 2. HP: 17/21 MP: 0/0
   756 | D:1      | Reached skill level 3 in Spellcasting
  1130 | D:1      | Reached XP level 3. HP: 25/25 MP: 0/0
  1130 | D:1      | Learned a level 1 spell: Freeze
  1950 | D:2      | Found a faded altar of an unknown god.
  2354 | D:2      | Reached XP level 4. HP: 23/31 MP: 0/0
  2441 | D:2      | Noticed Natasha
  2451 | D:2      | Killed Natasha
  2643 | D:2      | Reached skill level 4 in Spellcasting
  2817 | D:2      | Noticed Natasha
  2823 | D:2      | Killed Natasha
  2824 | D:2      | Reached XP level 5. HP: 31/35 MP: 0/0
  2824 | D:2      | Learned a level 2 spell: Static Discharge
  2934 | D:2      | Noticed Natasha
  3256 | D:3      | Found a transporter.
  3392 | D:3      | Found a transporter.
  3429 | D:3      | Noticed Grinder
  3890 | D:3      | Found an ornate altar of the Wu Jian Council.
  3918 | D:3      | Found an iron altar of Okawaru.
  3957 | D:3      | Paralysed by Grinder for 4 turns
  3962 | D:3      | Slain by an orc

Illustrated notes

Levels and vault maps discovered:
D:1:      dpeg_arrival_tiny_c, layout_rooms
D:2:      layout_basic, hellmonk_ecumenical_altar_run_dry, minmay_pentomino_t2,
          uniq_natasha
D:3:      gammafunk_wand_slinger, layout_loops_ring,
          chequers_temple_overflow_statue_of_worship, grunt_ministairs_1,
          uniq_grinder

Skill      XL: |  1  2  3  4 |
---------------+-------------+-----
Spellcasting   | 3 4 |  4.4
Dodging        | |  2.1
Stealth        | |  1.5

Action                   |  1- 3 |  4- 6 || total
-------------------------+-------+-------++-------
Melee: Unarmed           |     2 |     5 ||     7
 Cast: Foxfire           |    84 |    10 ||    94
       Freeze            |     2 |    16 ||    18
       Static Discharge  |       |    12 ||    12
  Use: Scroll            |     2 |     2 ||     4
       Potion            |       |     2 ||     2
Armor: Robe              |     1 |     4 ||     5
Dodge: Dodged            |    14 |    33 ||    47
